AoeStats
← ThunderboltX

Arabia

509965779Analyzed
1v1 RM · 4d ago on Sep 28, 2026· 37m 1s· 2 players
Game mode
Random Map
Map size
Tiny (2 player)
Population
200
Speed
Normal
Resources
Standard
Victory
Conquest
Starting age
Dark Age
Ending age
Imperial Age
RankedLock teamsTeams togetherTeam positionsShared explorationLock speedFull tech treeHidden civsTurbo modeCheats
Victory
Defeat
🇧🇬 Vikings · Bulgaria
2342
+6
🇩🇴 Persians · Dominican Republic
2082
-6
ThunderboltX
5:27 Loom
8:24 Feudal Age
9:07 Double-Bit Axe
14:26 Fletching
16:14 Padded Archer Armor
20:49 Castle Age
20:27 Scale Barding Armor
20:09 Horse Collar
21:26 Bodkin Arrow
21:24 Elite Skirmisher
22:17 Bow Saw
23:48 Gold Mining
26:07 Gold Shaft Mining
25:44 Crossbowman
27:04 Heavy Plow
32:50 Imperial Age
30:46 Ballistics
30:07 Crossbowman
31:45 Leather Archer Armor
33:39 Bracer
33:01 Arbalester
36:13 Scale Mail Armor
36:20 Squires
35:47 Pikeman
36:31 Town Watch
RD | Lina
5:54 Loom
8:40 Feudal Age
11:49 Fletching
14:48 Padded Archer Armor
16:39 Double-Bit Axe
22:20 Castle Age
22:24 Scale Barding Armor
25:10 Wheelbarrow
25:50 Husbandry
26:29 Bloodlines
27:42 Bow Saw
30:49 Horse Collar
30:57 Light Cavalry
32:13 Hand Cart
32:54 Chain Barding Armor
33:33 Elite Skirmisher
34:58 Bodkin Arrow
35:18 Leather Archer Armor
35:59 Leather Archer Armor
36:32 Town Watch
40:03 Imperial Age
Connection lost

Rejoining the realm…

Still unreachable

The connection could not be restored.

Session expired

The server has moved on; the page needs a fresh start.